 Dungeon Crawl Stone Soup version 0.31-a0-986-g5e6e4ef867 (webtiles) character file.

Game seed: 17946150846654805689

136 jasper the Ruffian (level 5, -1/46 HPs)
             Began as a Naga Shapeshifter on Nov 4, 2023.
             Slain by a hobgoblin (3 damage)
             ... led by Robin
             ... on level 3 of the Dungeon.
             The game lasted 00:03:31 (2352 turns).

jasper the Ruffian (Naga Shapeshifter)              Turns: 2352, Time: 00:03:31

Health: -1/46      AC:  3    Str: 16    XL:     5   Next: 19%
Magic:  5/5        EV: 10    Int: 10    God:
Gold:   128        SH:  0    Dex: 13    Spells: 4/4 levels left

rFire   . .          .
                       - Unarmed
rCold   . . .        (no shield)
rNeg    . . .        a - +1 animal skin
rPois   +            (helmet currently unavailable)
rElec   .            (cloak currently unavailable)
rCorr   .            (gloves currently unavailable)
SInv    +            (no barding)
Will    .....        (no amulet)
Stlth   ++           (no ring)
HPRegen 0.27/turn    (no ring)
MPRegen 0.09/turn

%: no passive effects
@: beast-form, very slow
A: beast (slay +2), AC +1, large, see invisible, deformed body, poison
resistance, slowness 2, spit poison 1, naga tail 1
a: Spit Poison, Begin Untransformation


You were on level 3 of the Dungeon.
You were a hulking beast.
You visited 1 branch of the dungeon, and saw 4 of its levels.

You collected 128 gold pieces.

Inventory:

Missiles
 h - 6 poisoned darts
Armour
 a - a +1 animal skin (worn)
 g - an orb of mayhem
 l - a +0 barding
Talismans
 c - a beast talisman
 d - a flux talisman
 j - a maw talisman
Scrolls
 e - a scroll of noise
 n - a scroll of teleportation {unknown}
Potions
 b - a potion of lignification
 f - a potion of curing
 i - a potion of cancellation {unknown}
 k - a potion of magic {unknown}
 m - a potion of haste {unknown}


   Skills:
 + Level 2.4 Fighting
 - Level 1.5 Dodging
 + Level 3.6 Stealth
 + Level 3.8 Unarmed Combat
 + Level 3.6 Shapeshifting


You had 4 spell levels left.
You didn't know any spells.
Your spell library was empty.

Dungeon Overview and Level Annotations

Branches:
Dungeon (4/15)
 Temple: D:4-7

Altars:
Ru
Vehumet

Shops:
D:1 (   D:4 [


Innate Abilities, Weirdness & Mutations

You are a hulking beast.
Your limbs bulge with bestial killing power. (Slay +2)
Your serpentine skin is tough. (AC +1)
You have supernaturally acute eyesight. (SInv)
Armour fits poorly on your strangely shaped body.
Your system is resistant to poisons. (rPois)
You cover ground very slowly.
You can spit poison.
You have a snake-like lower body.


Message History

You hit Robin.
Robin is almost dead.
The goblin hits you with a +0 short sword.
A goblin comes into view. It is wielding a +0 dagger.
A goblin comes into view. It is wielding a +0 club.
Robin hits you with a +2 long sword of freezing.
Robin freezes you.
You take 5 damage, and have 30/46 hp.
You barely miss Robin. You punch Robin.
You kill Robin!
The goblin misses you. The goblin closely misses you.
The goblin barely misses you. The goblin attacks as it pursues you!
The goblin hits you with a +0 club. The goblin attacks as it pursues you!
The goblin hits you with a +0 club.
You take 6 damage, and have 24/46 hp.
The goblin attacks as it pursues you! The goblin hits you with a +0 club.
There is an open door here.
You take 4 damage, and have 20/46 hp.
The goblin hits you with a +0 club.
You take 5 damage, and have 15/46 hp.
You barely miss the goblin. Your punch misses the goblin.
The goblin hits you with a +0 club.
* * * LOW HITPOINT WARNING * * *
You take 3 damage, and have 12/46 hp.
You hit the goblin.
The goblin is moderately wounded.
The goblin hits you with a +0 club.
* * * LOW HITPOINT WARNING * * *
You hit the goblin.
You kill the goblin!
You take 6 damage, and have 6/46 hp.
You barely miss the hobgoblin. The hobgoblin hits you.
* * * LOW HITPOINT WARNING * * *
You closely miss the hobgoblin. The hobgoblin hits you.
* * * LOW HITPOINT WARNING * * *
You barely miss the hobgoblin. The hobgoblin barely misses you.
You hit the hobgoblin.
The hobgoblin is almost dead.
The hobgoblin hits you.
You die...

### #.#########
###.........#
..#.#######.#### ##
#.#..# #....# ..
#.##h#########.#
#.#.#.##g#.........#
#..gg..ggg.######..#
#.#....)g..# #..#
....###.....# #..#
.. ......# #..#
##....## #..# ######
#..# #..#


You could see 2 hobgoblins and 3 goblins.

Vanquished Creatures
  An orc priest (D:3)
  Robin (D:3)
  3 adders
  A worm (D:3)
  2 dart slugs
  2 orcs (D:3)
  A ball python (D:1)
  5 bats
  4 endoplasms
  4 giant cockroaches
  5 goblins
  7 hobgoblins
  2 jackals (D:1)
  12 kobolds
  3 quokkas (D:1)
  5 frilled lizards
  A rat (D:2)
59 creatures vanquished.

Notes
Turn   | Place    | Note
-------+----------+-------------------------------------------
     0 | D:1      | jasper the Naga Shapeshifter began the quest for the Orb.
     0 | D:1      | Reached XP level 1. HP: 18/18 MP: 1/1
   233 | D:1      | Reached skill level 1 in Stealth
   287 | D:1      | Found Ygaerum's Antique Weapon Boutique.
   311 | D:1      | Reached XP level 2. HP: 25/25 MP: 2/2
   669 | D:1      | Reached XP level 3. HP: 6/31 MP: 3/3
  1175 | D:2      | Found a radiant altar of Vehumet.
  1449 | D:2      | Reached XP level 4. HP: 12/39 MP: 4/4
  1600 | D:2      | Found a faded altar of an unknown god.
  1614 | D:2      | You fall into a shaft and drop 2 floors!
  1614 | D:4      | Found Ismiojug's Antique Armour Shop.
  2003 | D:3      | Found a sacrificial altar of Ru.
  2130 | D:3      | Reached XP level 5. HP: 46/46 MP: 5/5
  2335 | D:3      | Noticed Robin
  2342 | D:3      | Killed Robin
  2349 | D:3      | HP: 2/46 [hobgoblin[Robin] (4)]
  2352 | D:3      | Slain by a hobgoblin

Illustrated notes

Levels and vault maps discovered:
D:1:      dpeg_arrival_oval, layout_loops_ring, serial_shops, shop
D:2:      minmay_inner_zag, layout_rooms, basic_altar,
          hellmonk_ecumenical_altar_arch_garden
D:3:      layout_basic, mainiacjoe_overflow_concentric_impassable,
          gammafunk_ghost_grave, kennysheep_another_room, uniq_robin
D:4:      layout_gridville, mainiacjoe_overflow_surrounded_room,
          general_overflow_altar, serial_shops, nicolae_lakefront_shop

Skill      XL: |  1  2  3  4 |
---------------+-------------+-----
Stealth        | 1 2 3 |  3.6
Fighting       | 2 |  2.4
Dodging        | |  1.5
Unarmed Combat | |  3.8
Shapeshifting  | |  3.6

Action                     |  1- 3 |  4- 6 || total
---------------------------+-------+-------++-------
  Melee: Unarmed           |   124 |    63 ||   187
         Punch             |     2 |     2 ||     4
Ability: Spit Poison       |     4 |     2 ||     6
    Use: Scroll            |     3 |     2 ||     5
         Potion            |       |     1 ||     1
   Stab: Sleeping          |     5 |     2 ||     7
 Armour: Animal skin       |    91 |    43 ||   134
  Dodge: Dodged            |    55 |    28 ||    83

Table legend: (Time is in decaauts)
 A = Elapsed time spent in this place.
 B = Non-inter-level travel time spent in this place.
 C = Inter-level travel time spent in this place.
 D = Time resting spent in this place.
 E = Time spent auto-exploring this place.
 F = Levels seen in this place.
 G = Mean time per level.
                   A        B        C        D        E       F      G
               +--------+--------+--------+--------+--------+-----+--------+
         Total |   2867 |   2828 |     39 |    100 |   2122 |   4 |  716.8 |
       Dungeon |   2867 |   2828 |     39 |    100 |   2122 |   4 |  716.8 |
               +--------+--------+--------+--------+--------+-----+--------+

Top non-repeatable levels by time:
     D:1: 1420 daAuts
     D:3: 742 daAuts
     D:2: 520 daAuts
     D:4: 183 daAuts
